TOP OF THE 1ST |
Columbus Jets batting - Pitching for Rochester Red Wings : RHP John Denny
|
Pitching: RHP John Denny
|
|
Batting: LHB Jared Martin
|
0-0: Called Strike 0-1: Ball 1-1: Ground out 5-3 (Groundball, 56S, EV 88.1 MPH)
|
Batting: LHB Craig Brooks
|
0-0: Ball 1-0: Fly out, F6 (Line Drive, 6, EV 71.3 MPH)
|
Batting: LHB Greg Walker
|
0-0: Called Strike 0-1: Ball 1-1: Ball 2-1: Foul Ball, location: 2F 2-2: Fly out, F9 (Line Drive, 9, EV 91.3 MPH)
|
Top of the 1st over - 0 runs, 0 hits, 0 errors, 0 left on base; Columbus 0 - Rochester 0 |
BOTTOM OF THE 1ST |
Rochester Red Wings batting - Pitching for Columbus Jets : RHP Kelly Downs
|
Pitching: RHP Kelly Downs
|
|
Batting: RHB Marty G Barrett
|
0-0: Ground out 6-3 (Groundball, 6, EV 103.1 MPH)
|
Batting: SHB Jordan Ayala
|
0-0: Called Strike 0-1: Fly out, F8 (Flyball, 8RXD, EV 98.1 MPH)
|
Batting: RHB Joe Carter
|
0-0: Fly out, F8 (Flyball, 89M, EV 90.6 MPH)
|
Bottom of the 1st over - 0 runs, 0 hits, 0 errors, 0 left on base; Columbus 0 - Rochester 0 |
TOP OF THE 2ND |
Columbus Jets batting - Pitching for Rochester Red Wings : RHP John Denny
|
Batting: RHB Michael Ventress
|
0-0: Ball 1-0: Foul Ball, location: 2F 1-1: Ball 2-1: Called Strike 2-2: Foul Ball, location: 2F 2-2: Strikes out swinging
|
Batting: RHB Glenn Goya
|
0-0: Foul Ball, location: 2F 0-1: Called Strike 0-2: Ball 1-2: Strikes out swinging
|
Batting: SHB Gary Pellant
|
0-0: Ball 1-0: Ball 2-0: Ground out U3 (Groundball, 3, EV 84.4 MPH)
|
Top of the 2nd over - 0 runs, 0 hits, 0 errors, 0 left on base; Columbus 0 - Rochester 0 |
BOTTOM OF THE 2ND |
Rochester Red Wings batting - Pitching for Columbus Jets : RHP Kelly Downs
|
Batting: SHB Johnny Ray
|
0-0: Ball 1-0: Swinging Strike 1-1: Foul Ball, location: 2F 1-2: Ball 2-2: Fly out, F9 (Flyball, 89M, EV 85.0 MPH)
|
Batting: RHB Mark Brouhard
|
0-0: Foul Ball, location: 2F 0-1: Ball 1-1: Fly out, F9 (Flyball, 89D, EV 92.5 MPH)
|
Batting: RHB Gerry Davis
|
0-0: Fly out, F8 (Flyball, 8RD, EV 92.5 MPH)
|
Bottom of the 2nd over - 0 runs, 0 hits, 0 errors, 0 left on base; Columbus 0 - Rochester 0 |
TOP OF THE 3RD |
Columbus Jets batting - Pitching for Rochester Red Wings : RHP John Denny
|
Batting: RHB Greg Schultz
|
0-0: Ball 1-0: Ball 2-0: Swinging Strike 2-1: Ground out 5-3 (Groundball, 56S, EV 80.0 MPH)
|
Batting: LHB Juan Zavala
|
0-0: Foul Ball, location: 2F 0-1: Called Strike 0-2: Foul Ball, location: 2F 0-2: Fly out, F6 (Popup, 6M, EV 80.0 MPH)
|
Batting: RHB Greg Murphy
|
0-0: Fly out, F9 (Line Drive, 9, EV 106.3 MPH)
|
Top of the 3rd over - 0 runs, 0 hits, 0 errors, 0 left on base; Columbus 0 - Rochester 0 |
BOTTOM OF THE 3RD |
Rochester Red Wings batting - Pitching for Columbus Jets : RHP Kelly Downs
|
Batting: LHB Bruce Bochte
|
0-0: Called Strike 0-1: Ball 1-1: DOUBLE (Line Drive, 89D, EV 106.9 MPH)
|
Batting: RHB Jerry Dybzinski
|
0-0: Ball 1-0: Ball 2-0: Swinging Strike 2-1: Called Strike 2-2: SINGLE (Line Drive, 34D, EV 104.4 MPH) Bruce Bochte to third Runner from 3rd tries for Home, SAFE, throw by RF to home Jerry Dybzinski to second
|
Batting: RHB Steve Yeager
|
0-0: Called Strike 0-1: Called Strike 0-2: Foul Ball, location: 2F 0-2: Foul Ball, location: 2F 0-2: Strikes out swinging
|
Batting: RHB Marty G Barrett
|
0-0: Ball 1-0: Ball 2-0: Ball 3-0: Called Strike 3-1: Ground out 4-3 (Groundball, 4, EV 104.4 MPH) Jerry Dybzinski to third
|
Batting: SHB Jordan Ayala
|
0-0: Ball 1-0: Fly out, F8 (Line Drive, 8LM, EV 93.8 MPH)
|
Bottom of the 3rd over - 1 run, 2 hits, 0 errors, 1 left on base; Columbus 0 - Rochester 1 |
TOP OF THE 4TH |
Columbus Jets batting - Pitching for Rochester Red Wings : RHP John Denny
|
Batting: LHB Jared Martin
|
0-0: Ball 1-0: Called Strike 1-1: Ball 2-1: Swinging Strike 2-2: Foul Ball, location: 2F 2-2: Ball 3-2: Strikes out swinging
|
Batting: LHB Craig Brooks
|
0-0: Called Strike 0-1: Swinging Strike 0-2: Foul Ball, location: 2F 0-2: Ball 1-2: Ball 2-2: Foul Ball, location: 2F 2-2: Foul Ball, location: 2F 2-2: SINGLE (Groundball, 4MD, EV 106.9 MPH)
|
Batting: LHB Greg Walker
|
0-0: Ball 1-0: Ball 2-0: Called Strike 2-1: DOUBLE (Flyball, 89XD, EV 108.1 MPH) Craig Brooks to third Runner from 3rd tries for Home, SAFE, throw by RF to trailing runner, SAFE at third!
|
Batting: RHB Michael Ventress
|
0-0: Ball 1-0: Swinging Strike 1-1: Ball 2-1: Swinging Strike 2-2: Strikes out swinging, 2-3 out at first.
|
Batting: RHB Glenn Goya
|
0-0: Foul Ball, location: 2F 0-1: Ball 1-1: Ball 2-1: Fly out, F8 (Flyball, 78XD, EV 100.0 MPH)
|
Top of the 4th over - 1 run, 2 hits, 0 errors, 1 left on base; Columbus 1 - Rochester 1 |
BOTTOM OF THE 4TH |
Rochester Red Wings batting - Pitching for Columbus Jets : RHP Kelly Downs
|
Batting: RHB Joe Carter
|
0-0: Ball 1-0: Ball 2-0: Fly out, F9 (Flyball, 9S, EV 95.0 MPH)
|
Batting: SHB Johnny Ray
|
0-0: Ball 1-0: Foul Ball, location: 2F 1-1: Ball 2-1: Ground out 4-3 (Groundball, 34D, EV 106.3 MPH)
|
Batting: RHB Mark Brouhard
|
0-0: Ball 1-0: Ball 2-0: Called Strike 2-1: Foul Ball, location: 2F 2-2: Ground out 1-3 (Groundball, 34S, EV 83.1 MPH)
|
Bottom of the 4th over - 0 runs, 0 hits, 0 errors, 0 left on base; Columbus 1 - Rochester 1 |
TOP OF THE 5TH |
Columbus Jets batting - Pitching for Rochester Red Wings : RHP John Denny
|
Batting: SHB Gary Pellant
|
0-0: Ball 1-0: Ball 2-0: Foul Ball, location: 2F 2-1: Swinging Strike 2-2: SINGLE (Groundball, 56D, EV 109.4 MPH)
|
Pitching: RHP Nelson Sanchez
|
|
Batting: RHB Greg Schultz
|
0-0: Ground out 6-3 (Groundball, 6MD, EV 100.0 MPH) Gary Pellant to second
|
Batting: LHB Juan Zavala
|
0-0: Ball 1-0: Ball 2-0: Ground out 4-3 (Groundball, 4, EV 83.1 MPH) Gary Pellant to third
|
Batting: RHB Greg Murphy
|
0-0: Ball 1-0: Swinging Strike 1-1: Fly out, F5 (Popup, 5F, EV 64.4 MPH)
|
Top of the 5th over - 0 runs, 1 hit, 0 errors, 1 left on base; Columbus 1 - Rochester 1 |
BOTTOM OF THE 5TH |
Rochester Red Wings batting - Pitching for Columbus Jets : RHP Kelly Downs
|
Batting: RHB Gerry Davis
|
0-0: Called Strike 0-1: Ground out 6-3 (Groundball, 6, EV 85.0 MPH)
|
Batting: LHB Bruce Bochte
|
0-0: Ball 1-0: Ground out 6-3 (Groundball, 6M, EV 85.6 MPH)
|
Batting: RHB Jerry Dybzinski
|
0-0: Ball 1-0: Ball 2-0: SOLO HOME RUN (Flyball, 7D, EV 109.4 MPH), Distance : 359 ft
|
Batting: RHB Steve Yeager
|
0-0: Called Strike 0-1: Called Strike 0-2: Foul Ball, location: 2F 0-2: Foul Ball, location: 2F 0-2: Foul Ball, location: 2F 0-2: Ball 1-2: Foul Ball, location: 2F 1-2: Foul Ball, location: 2F 1-2: Fly out, F8 (Flyball, 8LS, EV 92.5 MPH)
|
Bottom of the 5th over - 1 run, 1 hit, 0 errors, 0 left on base; Columbus 1 - Rochester 2 |
TOP OF THE 6TH |
Columbus Jets batting - Pitching for Rochester Red Wings : RHP Nelson Sanchez
|
Batting: LHB Jared Martin
|
0-0: Foul Ball, location: 2F 0-1: Swinging Strike 0-2: Ball 1-2: Foul Ball, location: 2F 1-2: Foul Ball, location: 2F 1-2: Foul Ball, location: 2F 1-2: Ball 2-2: Ball 3-2: Strikes out swinging
|
Batting: LHB Craig Brooks
|
0-0: Swinging Strike 0-1: Foul Ball, location: 2F 0-2: Strikes out swinging
|
Batting: LHB Greg Walker
|
0-0: Ball 1-0: Foul Ball, location: 2F 1-1: Fly out, F8 (Line Drive, 8RM, EV 91.3 MPH)
|
Top of the 6th over - 0 runs, 0 hits, 0 errors, 0 left on base; Columbus 1 - Rochester 2 |
BOTTOM OF THE 6TH |
Rochester Red Wings batting - Pitching for Columbus Jets : RHP Kelly Downs
|
Batting: RHB Marty G Barrett
|
0-0: Ball 1-0: Ground out 6-3 (Groundball, 56, EV 103.1 MPH)
|
Batting: SHB Jordan Ayala
|
0-0: Called Strike 0-1: Fly out, F4 (Popup, 3D, EV 55.6 MPH)
|
Batting: RHB Joe Carter
|
0-0: Ground out 6-3 (Groundball, 6, EV 83.8 MPH)
|
Bottom of the 6th over - 0 runs, 0 hits, 0 errors, 0 left on base; Columbus 1 - Rochester 2 |
TOP OF THE 7TH |
Columbus Jets batting - Pitching for Rochester Red Wings : RHP Nelson Sanchez
|
Batting: RHB Michael Ventress
|
0-0: Ball 1-0: Ball 2-0: Ball 3-0: Base on Balls
|
Batting: LHB Larry Sheets
|
0-0: Grounds into double play, 6-4-3 (Groundball, 6, EV 103.8 MPH)
|
Batting: SHB Gary Pellant
|
0-0: Called Strike 0-1: Swinging Strike 0-2: Foul Ball, location: 2F 0-2: Foul Ball, location: 2F 0-2: Fly out, F9 (Flyball, 9S, EV 98.8 MPH)
|
Top of the 7th over - 0 runs, 0 hits, 0 errors, 0 left on base; Columbus 1 - Rochester 2 |
BOTTOM OF THE 7TH |
Rochester Red Wings batting - Pitching for Columbus Jets : RHP Kelly Downs
|
Batting: SHB Johnny Ray
|
0-0: Swinging Strike 0-1: Ball 1-1: Ball 2-1: Ball 3-1: DOUBLE (Line Drive, 9LM, EV 94.4 MPH)
|
Batting: RHB Mark Brouhard
|
0-0: Ball 1-0: DOUBLE (Flyball, 8RXD, EV 105.6 MPH) Johnny Ray scores
|
Batting: RHB Gerry Davis
|
0-0: Intentional Walk
|
Batting: LHB Bruce Bochte
|
0-0: Ball 1-0: Ball 2-0: Called Strike 2-1: Ball 3-1: Grounds into double play, 4-6-3 (Groundball, 4MS, EV 92.5 MPH) Mark Brouhard to third
|
Batting: RHB Jerry Dybzinski
|
0-0: Ball 1-0: Ground out 6-3 (Groundball, 56, EV 106.3 MPH)
|
Bottom of the 7th over - 1 run, 2 hits, 0 errors, 1 left on base; Columbus 1 - Rochester 3 |
TOP OF THE 8TH |
Columbus Jets batting - Pitching for Rochester Red Wings : RHP Nelson Sanchez
|
Pitching: RHP Al Dawson
|
|
Now at 3B: Mike Henderson
|
|
Batting: RHB Greg Schultz
|
0-0: Ball 1-0: Foul Ball, location: 2F 1-1: Ball 2-1: Foul Ball, location: 2F 2-2: SINGLE (Line Drive, 7S, EV 102.5 MPH)
|
Batting: LHB Juan Zavala
|
0-0: Called Strike 0-1: Foul Ball, location: 2F 0-2: Foul Ball, location: 2F 0-2: Ball 1-2: Ball 2-2: Strikes out swinging
|
Batting: RHB Greg Murphy
|
0-0: Called Strike 0-1: Swinging Strike 0-2: Strikes out swinging
|
Batting: LHB Jared Martin
|
0-0: Ball 1-0: Ball 2-0: Ground out 3-1 (Groundball, 34S, EV 86.9 MPH)
|
Top of the 8th over - 0 runs, 1 hit, 0 errors, 1 left on base; Columbus 1 - Rochester 3 |
BOTTOM OF THE 8TH |
Rochester Red Wings batting - Pitching for Columbus Jets : RHP Kelly Downs
|
Batting: RHB Steve Yeager
|
0-0: Ball 1-0: Foul Ball, location: 2F 1-1: Ball 2-1: Ground out 6-3 (Groundball, 6, EV 78.1 MPH)
|
Batting: RHB Marty G Barrett
|
0-0: Ball 1-0: Fly out, F7 (Flyball, 7, EV 89.4 MPH)
|
Batting: SHB Jordan Ayala
|
0-0: Swinging Strike 0-1: Ball 1-1: Ball 2-1: Ball 3-1: Fly out, F8 (Flyball, 89M, EV 85.6 MPH)
|
Bottom of the 8th over - 0 runs, 0 hits, 0 errors, 0 left on base; Columbus 1 - Rochester 3 |
TOP OF THE 9TH |
Columbus Jets batting - Pitching for Rochester Red Wings : RHP Al Dawson
|
Batting: LHB Craig Brooks
|
0-0: Called Strike 0-1: Ball 1-1: Ball 2-1: Foul Ball, location: 2F 2-2: Strikes out swinging
|
Batting: LHB Greg Walker
|
0-0: Swinging Strike 0-1: Called Strike 0-2: Ball 1-2: Ball 2-2: Ball 3-2: Base on Balls
|
Batting: RHB Michael Ventress
|
0-0: Ball 1-0: Fly out, F9 (Flyball, 9S, EV 81.9 MPH)
|
Pitching: RHP Randy McGilberry
|
|
Batting: LHB Larry Sheets
|
0-0: Ball 1-0: Swinging Strike 1-1: Swinging Strike 1-2: Foul Ball, location: 2F 1-2: Strikes out swinging
|
Top of the 9th over - 0 runs, 0 hits, 0 errors, 1 left on base; Columbus 1 - Rochester 3 |
|